 Dungeon Crawl Stone Soup version 0.28-a0-384-g9e0c098162 (webtiles) character file.

Game seed: 11217523533732148639

483 SkeletonJelly the Cudgeller (level 7, 0/70 HPs)
             Began as an Ogre Chaos Knight on Sept 3, 2021.
             Was a Plaything of Xom.
             Slain by a gnoll (6 damage)
             ... on level 4 of the Dungeon.
             The game lasted 00:06:57 (3879 turns).

SkeletonJelly the Cudgeller (Ogre Chaos Knight)     Turns: 3879, Time: 00:06:58

Health: 0/70       AC:  5    Str: 19    XL:     7   Next: 12%
Magic:  7/7        EV:  9    Int: 13    God:    Xom [...*..]
Gold:   215        SH:  0    Dex:  8    Spells: 6/6 levels left

rFire   . . .      SeeInvis .   a - +0 mace (chaos)
rCold   . . .      Faith    .   (no shield)
rNeg    . . .      Spirit   .   b - +2 robe
rPois   .          Reflect  .   (helmet restricted)
rElec   .          Harm     .   (no cloak)
rCorr   .          Rampage  .   (gloves unavailable)
Will    .....                   (boots unavailable)
Stlth   +.........              (no amulet)
HPRegen 0.21/turn               (no ring)
MPRegen 0.10/turn               (no ring)

@: no status effects
A: large, unfitting armour, tough skin 1
a: Renounce Religion


You were on level 4 of the Dungeon.
You worshipped Xom.
You were a favourite toy of Xom.
You visited 1 branch of the dungeon, and saw 5 of its levels.

You collected 215 gold pieces.

Inventory:

Hand Weapons
 a - a +0 mace of chaos (weapon)
 d - a +2 whip of venom
Missiles
 e - 13 poisoned darts (quivered)
 m - 3 javelins
Armour
 b - a +2 robe (worn)
Scrolls
 c - 2 scrolls of identify {unknown}
 g - 2 scrolls of noise {unknown}
 h - a scroll of fog {unknown}
 i - a scroll of summoning {unknown}
 j - a scroll of blinking {unknown}
 k - a scroll of silence {unknown}
 l - a scroll of teleportation {unknown}
 n - a scroll of fear {unknown}


   Skills:
 - Level 4.0 Fighting
 + Level 7.2 Maces & Flails
 - Level 2.1 Dodging


You had 6 spell levels left.
You didn't know any spells.
Your spell library contained the following spells:

 Spells                   Type           Power      Damage    Failure   Level
 Sting                    Tmut/Pois      0%         1d3       30%         1
 Poisonous Vapours        Pois/Air       0%         N/A       43%         2
 Olgreb's Toxic Radiance  Pois           0%         N/A       97%         4


Dungeon Overview and Level Annotations

Branches:
Dungeon (5/15)
 Temple: D:4-7

Altars:
Qazlal
Wu Jian

Annotations:
D:4 1 transporter
D:5 Sigmund


Innate Abilities, Weirdness & Mutations

You are too large for most types of armour.
You have tough skin. (AC +1)


Message History

e - 13 poisoned darts (gained 1)
n - a scroll labelled EMUMNE TITOXT
There is a stone staircase leading up here.
An ogre comes into view. It is wielding a +0 giant club.
The ogre shouts!
No target in view!
No target in view!
No target in view!
No target in view!
No target in view!
The ogre misses you.
You hit the ogre.
The ogre easily resists.
The ogre is lightly wounded.
The ogre hits you with a +0 giant club.
You take 3 damage, and have 59/62 hp.
You completely miss the ogre.
The ogre is lightly wounded.
You sock the ogre!
The ogre looks as sick as possible!
The ogre is heavily wounded.
The ogre hits you with a +0 giant club!
You take 17 damage, and have 42/62 hp.
MASSIVE DAMAGE!!
You barely miss the ogre.
The ogre is heavily wounded.
A gnoll comes into view. It is wielding a +0 spear.
The ogre barely misses you.
The gnoll shouts!
You sock the ogre! You freeze the ogre.
You kill the ogre!
You hear a shout!
Your Maces & Flails skill increases to level 7!
You have reached level 7!
You regained 6 hp, and now have 48/70 hp.
MP restored: 7 You see here a +0 giant club.
A gnoll comes into view. It is wielding a +0 club.
The gnoll shouts!
The gnoll misses you.
The gnoll moves out of view. 2 gnolls come into view.
Found a Trismegistus Codex.
Found a stone staircase leading down.
The gnoll shouts!
The gnoll hits you with a +0 spear.
The gnoll moves out of view.
You take 4 damage, and have 45/70 hp.
You sock the gnoll!
The gnoll seems to speed up.
The gnoll is heavily wounded.
The gnoll hits you with a +0 spear. x2
You take 7 damage, and have 38/70 hp.
You barely miss the gnoll.
The gnoll is heavily wounded.
The gnoll hits you with a +0 spear.
You take 3 damage, and have 35/70 hp.
You are too injured to fight recklessly!
You are too injured to fight recklessly!
You are too injured to fight recklessly!
You are too injured to fight recklessly!
You are too injured to fight recklessly!
You are too injured to fight recklessly!
You are too injured to fight recklessly!
There is a stone staircase leading down here.
You climb downwards.
You hear the hiss of flowing sand.
There is an entrance to an ossuary on this level.
Hurry and find it before the portal is buried!
Sigmund shouts!
The jelly quivers. "Feel my power!"
The fireball engulfs Sigmund.
The fireball engulfs the jelly!
You hear an angry hiss.
Found a scroll labelled MEXEOM CAS TIO.
There is a stone staircase leading up here.
You climb upwards.
Level annotation: 1 transporter The gnoll hits you from afar with a +0 spear. x2
The gnoll closely misses you.
The gnoll hits you from afar with a +0 spear.
There is a stone staircase leading down, spattered with blood here.
You take 11 damage, and have 25/70 hp.
The gnoll closely misses you.
The gnoll hits you from afar with a +3 spear!
* * * LOW HITPOINT WARNING * * *
The gnoll hits you with a +0 club!
* * * LOW HITPOINT WARNING * * *
You take 16 damage, and have 9/70 hp.
MASSIVE DAMAGE!!
The gnoll hits you from afar with a +0 spear.
* * * LOW HITPOINT WARNING * * *
The gnoll barely misses you.
You take 3 damage, and have 6/70 hp.
You see here a +0 giant club. "Hum-dee-hum-dee-hum..."
The gnoll suddenly stops moving!
The gnoll hits you from afar with a +0 spear.
* * * LOW HITPOINT WARNING * * *
You take 6 damage, and have 1/70 hp.
The gnoll hits you but does no damage.
The gnoll hits you from afar with a +0 spear.
* * * LOW HITPOINT WARNING * * *
The gnoll barely misses you.
You feel better.
The gnoll hits you from afar with a +0 spear.
* * * LOW HITPOINT WARNING * * *
The gnoll hits you from afar with a +0 spear.
You die...

####...#.###..<.#
#......#.# #...##
#........#####.#
#####.....#####.#..#
.............#...#.#
...........#.##....#
...........# #..#..#
.#########...##....#
.# #..##.@..# .#
..#.#...# .#
.#..g..# .# ###g..#
.. ###...# #.#.#.#
#.g..# #....# #.#..#


You could see 3 gnolls.

Vanquished Creatures
  An ogre (D:4)
  Blork the orc (D:4)
  A scorpion (D:4)
  A water moccasin zombie (D:3)
  Terence (D:2)
  An orc wizard (D:3)
  4 adders
  A worm (D:2)
  2 dart slugs
  4 orcs (D:3)
  4 ball pythons (D:2)
  7 bats
  9 endoplasms
  2 giant cockroaches
  9 goblins
  3 hobgoblins
  6 kobolds
  2 quokkas (D:2)
  5 frilled lizards
  13 rats
77 creatures vanquished.

Notes
Turn   | Place    | Note
-------+----------+-------------------------------------------
     0 | D:1      | SkeletonJelly the Ogre Chaos Knight began the quest for the
                  | Orb.
     0 | D:1      | Reached XP level 1. HP: 24/24 MP: 1/1
   127 | D:1      | Reached skill level 3 in Maces & Flails
   264 | D:1      | Reached XP level 2. HP: 32/32 MP: 2/2
   300 | D:1      | XOM is BORED!
   644 | D:1      | Reached XP level 3. HP: 39/39 MP: 3/3
  1084 | D:2      | XOM: smoke on damage
  1085 | D:2      | XOM: noise
  1092 | D:2      | Reached skill level 4 in Maces & Flails
  1203 | D:2      | Found a stormy altar of Qazlal.
  1353 | D:2      | Reached XP level 4. HP: 48/48 MP: 4/4
  1569 | D:2      | Noticed Terence
  1622 | D:2      | Killed Terence
  2351 | D:3      | XOM: confuse monster(s)
  2397 | D:3      | XOM: god gift: trident {god gift}
  2423 | D:3      | Reached skill level 5 in Maces & Flails
  2450 | D:3      | XOM: enchant monster (good)
  2463 | D:3      | Reached XP level 5. HP: 24/54 MP: 5/5
  2645 | D:3      | Reached skill level 6 in Maces & Flails
  2645 | D:3      | Reached XP level 6. HP: 44/62 MP: 6/6
  2848 | D:3      | XOM: silly message
  2995 | D:3      | XOM: scenery: summon butterflies
  3109 | D:3      | Found an ornate altar of the Wu Jian Council.
  3261 | D:3      | XOM: god gift: scroll labelled VUIKAA DATEUPN {god gift}
  3312 | D:4      | Found a transporter.
  3436 | D:4      | Noticed Blork the orc
  3455 | D:4      | XOM: potion effect (brilliance)
  3465 | D:4      | Killed Blork the orc
  3470 | D:4      | HP: 3/62 [poisoned by a scorpion]
  3472 | D:4      | XOM: cloud trail
  3855 | D:4      | Reached skill level 7 in Maces & Flails
  3855 | D:4      | Reached XP level 7. HP: 48/70 MP: 7/7
  3862 | D:5      | Entered Level 5 of the Dungeon
  3862 | D:5      | Noticed Sigmund
  3862 | D:5      | XOM: destruction
  3868 | D:4      | XOM: enchant monster (good)
  3871 | D:4      | HP: 1/70 [gnoll (6)]
  3879 | D:4      | Slain by a gnoll

Illustrated notes

Levels and vault maps discovered:
D:1:      heliophobic_arrival_dark_side_of_the_moon, layout_basic,
          minmay_rat_gold_closets
D:2:      layout_loops_ring, basic_altar, minmay_cut_off, uniq_terence
D:3:      layout_rooms, nicolae_wu_jian_wuxing_cycle,
          chequers_serial_rivers_micro_b, nrook_campfire, minmay_pentomino_pile
D:4:      layout_basic, serial_shops, nicolae_shop_statue_plus,
          gammafunk_ghost_arena, minmay_misc_feat_rugged, guppyfry_shop_venom,
          uniq_blork_the_orc, uniq_crazy_yiuf_cottage
D:5:      layout_loops_cross, kennysheep_little_box,
          nicolae_gozag_cash_rules_everything_around_me,
          nicolae_overflow_hidden_temple, minmay_temple_entry_ruins,
          nicolae_ossuary_entry_plus, uniq_sigmund

Skill      XL: |  1  2  3  4  5  6 |
---------------+-------------------+-----
Maces & Flails | 3 4 5 6 7 |  7.2
Fighting       | |  4.0
Dodging        | |  2.1

Action                   |  1- 3 |  4- 6 |  7- 9 || total
-------------------------+-------+-------+-------++-------
Melee: Mace              |   108 |   134 |     2 ||   244
Throw: Dart              |       |    12 |       ||    12
  Use: Potion            |       |     2 |     1 ||     3
 Stab: Sleeping          |     1 |       |       ||     1
       Petrified         |       |     8 |       ||     8
       Petrifying        |       |     1 |       ||     1
Armor: Robe              |    45 |    50 |     1 ||    96
Dodge: Dodged            |    37 |    73 |     5 ||   115

Table legend: (Time is in decaauts)
 A = Elapsed time spent in this place.
 B = Non-inter-level travel time spent in this place.
 C = Inter-level travel time spent in this place.
 D = Time resting spent in this place.
 E = Time spent auto-exploring this place.
 F = Levels seen in this place.
 G = Mean time per level.
                   A        B        C        D        E       F      G
               +--------+--------+--------+--------+--------+-----+--------+
         Total |   3921 |   3766 |    155 |    284 |   2843 |   5 |  784.2 |
       Dungeon |   3921 |   3766 |    155 |    284 |   2843 |   5 |  784.2 |
               +--------+--------+--------+--------+--------+-----+--------+

Top non-repeatable levels by time:
     D:2: 1341 daAuts
     D:1: 1016 daAuts
     D:3: 995 daAuts
     D:4: 566 daAuts
     D:5: 1 daAuts
